 Dungeon Crawl Stone Soup version 0.17.0-28-g6e173f8 (webtiles) character file.

179 septik the Slasher (level 5, -2/36 HPs)
             Began as an Octopode Fighter on Nov 30, 2015.
             Slain by a gnoll
             ... wielding a +0 spear
              (7 damage)
             ... on level 3 of the Dungeon.
             The game lasted 00:06:31 (2983 turns).

septik the Slasher (Octopode Fighter)               Turns: 2983, Time: 00:06:31

Health: -2/36      AC:  1    Str: 16    XL:     5   Next: 59%
Magic:  5/5        EV: 13    Int: 10    God:
Gold:   171        SH:  7    Dex: 12    Spells: 0 memorised, 4 levels left

rFire  . . .     SeeInvis .     a - +0 long sword
rCold  . . .     Clarity  .     B - +2 buckler
rNeg   . . .     SustAt   .     (helmet restricted)
rPois  .         Gourm    .     (no amulet)
rElec  .         Spirit   .     (no ring)
rCorr  .         Warding  .     (no ring)
rMut   .         Stasis   .     (no ring)
MR     .....                    (no ring)
Stlth  ++........               (no ring)
                                (no ring)
                                (no ring)
                                (no ring)

@: not resistant to hostile enchantments, unstealthy
A: almost no armour, amphibious, 8 rings, constrict 8, camouflage 1, gelatinous
body 1
a: no special abilities


You were on level 3 of the Dungeon.
You were hungry.

You visited 1 branch of the dungeon, and saw 3 of its levels.

You collected 171 gold pieces.

Inventory:

Hand Weapons
 a - a +0 long sword (weapon)
 y - a +0 blowgun
Missiles
 i - 6 tomahawks (quivered)
 n - 111 stones
 w - 7 curare-tipped needles
 A - 10 poisoned needles
Armour
 b - a +0 shield
 r - a +0 buckler
 s - a +0 large shield
 B - a +2 buckler (worn)
Scrolls
 g - 5 scrolls of teleportation {unknown}
 h - 4 scrolls of identify
 k - a scroll of magic mapping {unknown}
 l - a scroll of enchant armour {unknown}
 m - 2 scrolls of recharging {unknown}
 p - a scroll of blinking {unknown}
 t - a scroll of noise {unknown}
 x - a scroll of amnesia {unknown}
Potions
 c - a potion of might
 f - 2 potions of agility
 q - a potion of invisibility
 u - 2 potions of heal wounds
 z - a potion of curing
Comestibles
 d - 3 bread rations
 o - a beef jerky
 v - 2 fruits


   Skills:
 - Level 3.0 Fighting
 + Level 4.9 Long Blades
 - Level 3.0 Dodging
 - Level 4.0 Shields


You had 4 spell levels left.
You didn't know any spells.

Dungeon Overview and Level Annotations

Branches:
Dungeon (3/15)

Altars:
Nemelex Xobeh
Yredelemnul

Annotations:
D:1 1 runed door
D:3 Grinder


Innate Abilities, Weirdness & Mutations

You cannot wear most types of armour.
You are amphibious.
You can wear up to eight rings at the same time.
You can use your tentacles to constrict eight enemies at once.
Your skin changes colour to match your surroundings (Stealth).
Your rubbery body absorbs attacks (AC +1).


Message History

You hit the gnoll but do no damage. Your grab misses the gnoll.
You block the gnoll's attack.
You hit the gnoll. You grab the gnoll.
The gnoll is lightly wounded.
You constrict the gnoll, but do no damage.
The gnoll hits you with a spear!
* * * LOW HITPOINT WARNING * * *
You are feeling hungry.
You hit the gnoll.
The gnoll is moderately wounded.
You constrict the gnoll, but do no damage.
The gnoll hits you with a spear.
* * * LOW HITPOINT WARNING * * *
You hit the gnoll but do no damage.
The gnoll is moderately wounded.
You constrict the gnoll. You block the gnoll's attack.
You hit the gnoll but do no damage. You squeeze the gnoll.
The gnoll is severely wounded.
You constrict the gnoll. The gnoll hits you with a spear!
You die...

.......#.##..⌠.⌠.# #.# #.
......##.#####.#.# #.# #.
......##.......#.#####.# ##.
.........#######.......# #..
##.################.#### #..
#...# .....). #.##### #..
###.# ....... #.....# #####..
#.# .......#######.###......
#.###
....).g@)##..........###
#...#
.......#.##.........####
###.#
.......#.##.#..#..#####. #.#
.......#.......#....##.. #.#
###########.#.<#..#..'.^ #.#
### #####.#.##..####^. #.#
#.. ..##.......#####^
##.#####.####.##.........####
#...##.#.#.##.####...####.###


You could see a gnoll.

Vanquished Creatures
  An orc priest (D:3)
  Ijyb (D:3)
  Terence (D:2)
  2 adders (D:2)
  2 gnolls (D:3)
  A worm (D:2)
  A giant gecko (D:1)
  4 orcs (D:3)
  A goblin (D:3)
  7 hobgoblins
  4 kobolds
  9 bats
  4 giant cockroaches
  4 giant newts
  12 rats
  A spectral orc (D:3)
55 creatures vanquished.

Vanquished Creatures (others)
  An adder (D:2)
1 creature vanquished.

Grand Total: 56 creatures vanquished

Notes
Turn   | Place    | Note
--------------------------------------------------------------
     0 | D:1      | septik the Octopode Fighter began the quest for the Orb.
     0 | D:1      | Reached XP level 1. HP: 16/16 MP: 1/1
     1 | D:1      | Found a runed door.
    15 | D:1      | Noticed a jelly
   209 | D:1      | Reached XP level 2. HP: 21/21 MP: 2/2
   890 | D:2      | Noticed Terence
   896 | D:2      | Killed Terence
   896 | D:2      | Reached XP level 3. HP: 8/26 MP: 3/3
  1516 | D:2      | Reached XP level 4. HP: 31/31 MP: 4/4
  2303 | D:3      | Noticed Ijyb
  2314 | D:3      | Reached skill level 4 in Long Blades
  2314 | D:3      | Reached XP level 5. HP: 36/36 MP: 5/5
  2340 | D:3      | Killed Ijyb
  2616 | D:3      | Found a sparkling altar of Nemelex Xobeh.
  2714 | D:3      | Noticed Grinder
  2723 | D:3      | Paralysed by something for 2 turns
  2729 | D:3      | Paralysed by something for 4 turns
  2945 | D:3      | Found a basalt altar of Yredelemnul.
  2983 | D:3      | Slain by a gnoll

Action                   |  1- 3 |  4- 6 || total
-------------------------+-------+-------++-------
Melee: Long sword        |    49 |    76 ||   125
  Use: Scroll            |       |     4 ||     4
 Stab: Sleeping          |     2 |     5 ||     7
  Eat: Chunk             |     2 |     4 ||     6
